Map: Orbital Shipyard

Players

LilDicky - Winner!

  • Race: Terran Terran
  • League: Platinum

Jazz

  • Race: Protoss Protoss
  • League: Silver

VOD

http://www.twitch.tv/tumescentpie

Description

Time

  • Played on: Nov. 21, 2015, 12:08 a.m.
  • Length: 4:34
Show
View Real Time Build Order
Export as new Build Order

LilDicky Terran - Winner!

Build Orders:  

Get SALT Encoding   

  12  0:02  SCV  
  13  0:14  SCV  
  14  0:18  Supply Depot  
  14  0:26  SCV  
  15  0:38  Refinery  
  15  0:40  SCV  
  16  0:45  Barracks  
  16  0:56  SCV  
  17  1:08  SCV  
  18  1:16  Refinery  
  18  1:21  SCV  
  19  1:31  Marine  
  20  1:40  Supply Depot, Orbital Command  
  20  2:02  Factory  
  20  2:15  Marine  
  21  2:23  Barracks x2  
  21  2:25  Supply Depot  
  21  2:31  Engineering Bay  
  21  2:34  SCV  
  22  2:43  Marine  
  23  2:47  SCV  
  23  3:01  Missile Turret  
  23  3:02  SCV  
  23  3:04  Widow Mine  
  27  3:12  Barracks Tech Lab  
  27  3:13  Barracks Tech Lab  
  27  3:17  SCV  
  27  3:19  Supply Depot  
  27  3:26  Barracks Reactor  
  27  3:30  SCV  
  27  3:33  Widow Mine  
  30  3:41  Marine  
  32  3:48  SCV  
  32  3:51  Marauder  
  34  4:00  Marauder  
  39  4:25  Starport  
  39  4:29  Supply Depot  
Show
View Real Time Build Order
Export as new Build Order

Jazz Protoss 

Build Orders:  

Get SALT Encoding   

  12  0:01  Probe (Chrono Boost)  
  13  0:18  Probe (Chrono Boost), Pylon  
  14  0:28  Probe (Chrono Boost)  
  15  0:39  Probe (Chrono Boost)  
  16  0:43  Gateway  
  17  0:50  Probe (Chrono Boost)  
  17  0:51  Assimilator  
  17  1:00  Probe (Chrono Boost)  
  17  1:03  Pylon  
  18  1:11  Probe (Chrono Boost)  
  19  1:21  Probe (Chrono Boost)  
  20  1:31  Cybernetics Core  
  20  1:32  Probe (Chrono Boost)  
  21  1:39  Assimilator  
  21  1:42  Probe (Chrono Boost)  
  22  1:48  Gateway  
  22  1:49  Gateway  
  22  1:53  Probe (Chrono Boost)  
  23  2:08  Probe (Chrono Boost)  
  24  2:14  Warp Gate (Chrono Boost)  
  23  2:19  Mothership Core  
  25  2:24  Adept  
  27  3:00  Sentry, Adept  
  27  3:04  Gateway  
  31  3:13  Forge  
  31  3:17  Pylon  
  31  3:29  Nexus  
  31  3:35  Probe, Adept  
  34  3:47  Probe  
  32  3:59  Probe  
Tags
 
Add a new tag
Caveats
  • Supply blocks, unpowered buildings, or Contaminate may cause inaccurate times.
  • Supply counts are checked every 10 seconds.